 Dungeon Crawl Stone Soup version 0.30-a0-439-g9e77e4d916 (webtiles) character file.

Game seed: 11495559071393893258

2618 oldriver the Thaumaturge (level 9, -7/72 HPs)
             Began as a Mummy Necromancer on Dec 10, 2022.
             Was an Initiate of Hepliaklqana.
             Mangled by Joseph
             ... wielding a +0 quarterstaff
              (20 damage)
             ... on level 7 of the Dungeon.
             The game lasted 00:13:35 (9169 turns).

oldriver the Thaumaturge (Mummy Necromancer)        Turns: 9169, Time: 00:13:35

Health: -7/72      AC:  4    Str: 11    XL:     9   Next: 34%
Magic:  1/22       EV: 11    Int: 18    God:    Hepliaklqana [......]
Gold:   294        SH:  6    Dex: 13    Spells: 13/26 levels left

rFire   x . .      SeeInvis .    l - +4 hand axe (vorpal)
rCold   + . .      Faith    +    n - +2 buckler
rNeg    + + +      Spirit   .    a - +0 robe
rPois   ∞          Reflect  .    r - +0 hat
rElec   .          Harm     .    p - +0 cloak
rCorr   .          Rampage  .    f - +0 pair of gloves
Will    +....                    (no boots)
Stlth   ++........               (no amulet)
HPRegen 0.32/turn                (no ring)
MPRegen 0.18/turn                (no ring)

@: very slightly contaminated
A: cold resistance 1, negative energy resistance 3, torment resistance 2, heat
vulnerability 1, in touch with death 1, no potions, faith
a: Renounce Religion


You were on level 7 of the Dungeon.
You worshipped Hepliaklqana.
Hepliaklqana was noncommittal.
You visited 2 branches of the dungeon, and saw 8 of its levels.
You also visited: Ossuary.

You collected 294 gold pieces.

Inventory:

Hand Weapons
 l - a +4 vorpal hand axe (weapon)
 s - a +4 whip
Missiles
 d - 2 throwing nets
Armour
 a - a +0 robe (worn)
 f - a +0 pair of gloves (worn)
 n - a +2 buckler (worn)
 p - a +0 cloak (worn)
 r - a +0 hat (worn)
Jewellery
 q - an amulet of guardian spirit
Wands
 m - a wand of iceblast (10)
 o - a wand of mindburst (5)
Scrolls
 b - 2 scrolls of poison
 e - a scroll of fear
 g - 2 scrolls of teleportation
 h - a scroll of vulnerability
 i - 2 scrolls of immolation
 j - 6 scrolls of amnesia
 k - 2 scrolls of identify


   Skills:
 + Level 7.3 Fighting
 - Level 1.5 Dodging
 - Level 1.5 Stealth
 + Level 3.0 Shields
 + Level 9.3 Spellcasting
 + Level 3.2 Conjurations
 - Level 4.0 Necromancy
 + Level 3.2 Earth Magic


You had 13 spell levels left.
You knew the following spells:

 Your Spells              Type           Power      Damage    Failure   Level
a - Necrotise             Necr           100%       1d9       2%          1
b - Vampiric Draining     Necr           34%        2d8       6%          3
c - Animate Dead          Necr           34%        N/A       22%         4
d - Stone Arrow           Conj/Erth      40%        3d9       9%          3
p - Passwall              Tmut/Erth      11%        N/A       9%          2

Your spell library contained the following spells:

 Spells                   Type           Power      Damage    Failure   Level
 Sandblast                Erth           40%        2d10      3%          1
 Ensorcelled Hibernation  Hex/Ice        16%        N/A       17%         2
 Inner Flame              Hex/Fire       8%         N/A       32%         3
 Swiftness                Air            8%         N/A       32%         3
 Anguish                  Hex/Necr       11%        N/A       43%         4
 Animate Armour           Summ/Erth      28%        N/A       50%         4
 Flame Wave               Conj/Fire      14%        2d6       50%         4
 Sticky Flame             Conj/Fire      14%        2d4       50%         4
 Agony                    Necr           34%        N/A       52%         5
 Iron Shot                Conj/Erth      10%        9d3       99%         6
 Spider Form              Tmut/Pois      Unusable   N/A       N/A         3
 Blade Hands              Tmut           Unusable   N/A       N/A         5

Dungeon Overview and Level Annotations

Branches:
Dungeon (7/15)             Temple (1/1) D:7         Ossuary (visited)

Altars:
Ashenzari
Cheibriados
Dithmenos
Gozag
Hepliaklqana
Kikubaaqudgha
Makhleb
Nemelex Xobeh
Okawaru
Qazlal
Ru
Sif Muna
Trog
Uskayaw
Wu Jian
Xom
Yredelemnul

Annotations:
D:7 Joseph


Innate Abilities, Weirdness & Mutations

You are immune to poison.
Your flesh is cold resistant. (rC+)
You are immune to negative energy. (rN+++)
You are immune to unholy pain and torment.
You are vulnerable to heat. (rF-)
You are in touch with the powers of death.
You do not drink.
You have a special connection with the divine. (Faith)


Message History

Unknown command.
Casting: Vampiric Draining (dangerous; 6% risk of failure)
Confirm with . or Enter, or press ? or * to list all spells.
Aiming: Vampiric Draining (dangerous; 6% risk of failure)
Press: ? - help, Shift-Dir - straight line, f/p - Joseph
Aim: Joseph, wielding a +0 quarterstaff and wearing a +0 leather armour (heavily wounded)
You feel a surge of power!
You miscast Vampiric Draining.
Nothing appears to happen.
Joseph hits you but does no damage.
Unknown command.
Casting: Vampiric Draining (dangerous; 6% risk of failure)
Confirm with . or Enter, or press ? or * to list all spells.
Aiming: Vampiric Draining (dangerous; 6% risk of failure)
Press: ? - help, Shift-Dir - straight line, f/p - Joseph
Aim: Joseph, wielding a +0 quarterstaff and wearing a +0 leather armour (heavily wounded)
You feel a surge of power!
You draw life force from Joseph!
You feel life coursing into your body! Joseph hits you with a +0 quarterstaff!
Unknown command.
Casting: Vampiric Draining (dangerous; 6% risk of failure)
Confirm with . or Enter, or press ? or * to list all spells.
Aiming: Necrotise (safe; 2% risk of failure)
Press: ? - help, Shift-Dir - straight line, f/p - Joseph
Aim: Joseph, wielding a +0 quarterstaff and wearing a +0 leather armour (severely wounded, chance to affect: 70%)
You feel a surge of power!
Joseph struggles to resist.
Joseph hits you with a +0 quarterstaff!!
Unknown command.
You slash Joseph!
Joseph is almost dead.
Joseph barely misses you. x2
You barely miss Joseph.
Joseph is almost dead.
Joseph hits you with a +0 quarterstaff!
* * * LOW HITPOINT WARNING * * *
You closely miss Joseph.
Joseph is almost dead.
Joseph misses you.
You slash Joseph!
Joseph is almost dead.
Joseph barely misses you.
Joseph hits you with a +0 quarterstaff!!
You die...

#
..#...#...#....#[###..#..
.#...#...#...#).#.##.)##..
..#...#...#.).).....####.
...#...#...#.<....## ##
#...#...#..#)....# #
#...#.....)....#
.#......#.....#
#..#.....#.....# .#
#@....#.....#
......@.....#.....#
...####.....#######
#######


You could see Joseph.

Vanquished Creatures
  Edmund (D:4)
  2 water moccasins
  An orc warrior (D:6)
  2 sky beasts (D:7)
  An ogre (D:6)
  A centaur (D:7)
  2 necrophages
  2 bullfrogs (D:6)
  2 scorpions (D:6)
  2 water moccasin zombies (Ossuary)
  3 howler monkeys
  2 jellies (D:5)
  8 orc priests
  4 hounds
  2 iguanas
  Terence (D:2)
  Natasha (D:2)
  8 orc wizards
  A scorpion zombie (D:3)
  2 mummies (Ossuary)
  15 gnolls
  8 adders
  3 ufetubi
  4 adder zombies (Ossuary)
  3 worms
  5 dart slugs
  41 orcs
  9 ball pythons
  3 bats
  5 endoplasms
  4 giant cockroaches (D:1)
  4 gnoll zombies (Ossuary)
  20 goblins
  17 hobgoblins
  11 kobolds
  2 quokkas
  A ball python zombie (D:3)
  A frilled lizard (D:1)
  5 hobgoblin zombies (Ossuary)
  4 kobold zombies (Ossuary)
  4 orc zombies (Ossuary)
  A quokka zombie (D:3)
  2 rats (D:1)
220 creatures vanquished.

Vanquished Creatures (collateral kills)
  2 orcs
  An endoplasm (D:1)
  A rat (D:1)
4 creatures vanquished.

Vanquished Creatures (others)
  An orc wizard (D:7)
  7 plants
  7 toadstools (D:1)
15 creatures vanquished.

Grand Total: 239 creatures vanquished

Notes
Turn   | Place    | Note
-------+----------+-------------------------------------------
     0 | D:1      | oldriver the Mummy Necromancer began the quest for the Orb.
     0 | D:1      | Reached XP level 1. HP: 13/13 MP: 4/4
   157 | D:1      | Reached skill level 3 in Spellcasting
   216 | D:1      | Reached skill level 1 in Fighting
   258 | D:1      | Reached XP level 2. HP: 21/21 MP: 4/6
   603 | D:1      | Gained mutation: You are in touch with the powers of death.
                  | [Mummy growth]
   603 | D:1      | Reached XP level 3. HP: 27/27 MP: 1/8
  1275 | D:2      | Reached skill level 4 in Spellcasting
  1298 | D:2      | Found a faded altar of an unknown god.
  1624 | D:2      | Noticed Natasha
  1693 | D:2      | Reached XP level 4. HP: 30/34 MP: 2/10
  1694 | D:2      | Noticed Terence
  1725 | D:2      | Killed Terence
  2158 | D:2      | Learned a level 3 spell: Vampiric Draining
  2165 | D:2      | Killed Natasha
  2581 | D:3      | Reached XP level 5. HP: 41/41 MP: 8/12
  2585 | D:3      | Reached skill level 5 in Spellcasting
  2886 | D:3      | Found a basalt altar of Yredelemnul.
  2961 | D:3      | Reached XP level 6. HP: 48/48 MP: 10/14
  3713 | D:4      | Reached skill level 6 in Spellcasting
  3742 | D:4      | Noticed Edmund
  4019 | D:4      | Found a shimmering blue altar of Sif Muna.
  4080 | D:4      | Killed Edmund
  4403 | D:4      | Reached skill level 5 in Fighting
  4493 | D:4      | Reached XP level 7. HP: 56/56 MP: 11/17
  4612 | D:5      | Entered Level 5 of the Dungeon
  4635 | D:5      | Reached skill level 7 in Spellcasting
  4643 | D:5      | Found an ornate altar of the Wu Jian Council.
  4788 | D:5      | Found a sand-covered staircase.
  4793 | Ossuary  | Entered an ossuary
  5439 | D:5      | Learned a level 4 spell: Animate Dead
  5443 | D:5      | Learned a level 3 spell: Stone Arrow
  5541 | D:5      | Found an ancient bone altar of Kikubaaqudgha.
  5874 | D:5      | Reached skill level 8 in Spellcasting
  5917 | D:5      | Identified the +1 quarterstaff of Imbalance {pain, Str+5}
  6115 | D:5      | Reached skill level 1 in Earth Magic
  6115 | D:5      | Reached XP level 8. HP: 39/64 MP: 7/20
  6288 | D:6      | Reached skill level 1 in Conjurations
  6647 | D:6      | Reached skill level 1 in Shields
  7726 | D:7      | Found a sparkling altar of Nemelex Xobeh.
  7769 | D:7      | Reached skill level 9 in Spellcasting
  7956 | D:7      | Learned a level 2 spell: Passwall
  8012 | D:7      | Reached XP level 9. HP: 62/71 MP: 15/22
  8358 | D:7      | Found a staircase to the Ecumenical Temple.
  8433 | Temple   | Entered the Ecumenical Temple
  8494 | Temple   | Became a worshipper of Hepliaklqana the Forgotten
  9156 | D:7      | Noticed Joseph
  9169 | D:7      | Mangled by Joseph

Illustrated notes

Levels and vault maps discovered:
D:1:      nagdon_arrival_double_spiral, layout_basic, eino_curves_02
D:2:      layout_loops_ring, basic_ecumenical_altar, uniq_terence, uniq_natasha
D:3:      layout_basic, nicolae_yredelemnul_corpse_copse
D:4:      layout_basic, kennysheep_mini_moat, kennysheep_generic_room_10,
          uniq_edmund
D:5:      layout_cave_pods, mainiacjoe_overflow_24_doors,
          mainiacjoe_overflow_tiny_flanked, kiku_gazebo_pond_becter,
          serial_glass, glass_columns_a, glass_columns_a, glass_columns_a,
          glass_columns_b, enter_ossuary_2
D:6:      corexii_shantytown, layout_basic
D:7:      layout_rooms, lemuel_crystal_altar, minmay_temple_entry_nine_rooms,
          hex_large, uniq_joseph
Temple:   zaba_magenta_temple

Skill      XL: |  1  2  3  4  5  6  7  8  9 |
---------------+----------------------------+-----
Spellcasting   | 3 4 5 6 8 9 |  9.3
Fighting       | 1 2 3 4 5 6 7 |  7.3
Earth Magic    | 1 2 3 |  3.2
Conjurations   | 2 3 |  3.2
Shields        | 2 3 |  3.0
Dodging        | |  1.5
Stealth        | |  1.5
Necromancy     | |  4.0

Action                   |  1- 3 |  4- 6 |  7- 9 || total
-------------------------+-------+-------+-------++-------
Melee: Unarmed           |     1 |    13 |       ||    14
       Hand axe          |       |    14 |   124 ||   138
       Punch             |       |       |     2 ||     2
 Cast: Necrotise         |    81 |   124 |   224 ||   429
       Vampiric Draining |       |     7 |    31 ||    38
       Passwall          |       |       |     1 ||     1
  Use: Scroll            |       |    12 |     3 ||    15
 Stab: Distracted        |       |     2 |       ||     2
       Sleeping          |       |       |     4 ||     4
Armor: Robe              |     3 |     5 |    70 ||    78
Dodge: Dodged            |    11 |    37 |   168 ||   216
Block: Buckler           |       |       |    50 ||    50

Table legend: (Time is in decaauts)
 A = Elapsed time spent in this place.
 B = Non-inter-level travel time spent in this place.
 C = Inter-level travel time spent in this place.
 D = Time resting spent in this place.
 E = Time spent auto-exploring this place.
 F = Levels seen in this place.
 G = Mean time per level.
                   A        B        C        D        E       F      G
               +--------+--------+--------+--------+--------+-----+--------+
         Total |   9217 |   8922 |    295 |   1672 |   5490 |   9 | 1024.1 |
       Dungeon |   8574 |   8293 |    281 |   1392 |   5264 |   7 | 1224.9 |
        Temple |     74 |     61 |     13 |      0 |     50 |   1 |   74.0 |
       Ossuary |    568 |    568 |      0 |    280 |    176 |   1 |  568.0 |
               +--------+--------+--------+--------+--------+-----+--------+

Top non-repeatable levels by time:
     D:6: 1804 daAuts
     D:1: 1270 daAuts
     D:5: 1233 daAuts
     D:3: 1145 daAuts
     D:4: 1115 daAuts
     D:2: 1087 daAuts
     D:7: 918 daAuts
 Ossuary: 568 daAuts
  Temple: 74 daAuts
